 Dungeon Crawl Stone Soup version 0.31.0-11-ge490571c62 (webtiles) character file.

Game seed: 7059136521355869828

331 Rutee the Ruffian (level 6, 0/52 HPs)
             Began as a Naga Shapeshifter on Feb 4, 2024.
             Slain by a jelly (2 damage)
             ... on level 5 of the Dungeon.
             The game lasted 00:30:39 (3740 turns).

Rutee the Ruffian (Naga Shapeshifter)               Turns: 3740, Time: 00:30:40

Health: 0/52       AC: -3    Str: 16    XL:     6   Next: 51%
Magic:  0/7        EV: 10    Int: 10    God:
Gold:   211        SH:  0    Dex: 13    Spells: 4/6 levels left

rFire   . .          .
                       - Unarmed
rCold   . . .        (no shield)
rNeg    . . .        a - +0 animal skin
rPois   +            (helmet currently unavailable)
rElec   .            (cloak currently unavailable)
rCorr   .            (gloves currently unavailable)
SInv    +            (no barding)
Will    .....        s - amulet of guardian spirit
Stlth   ++           (no ring)
HPRegen 0.28/turn    (no ring)
MPRegen 0.10/turn

%: guardian spirit
@: beast-form, corroded, very slow
A: beast (slay +2), AC +2, large, see invisible, deformed body, poison
resistance, slowness 2, spit poison 1, naga tail 1, iridescent scales 1
a: Spit Poison, Begin Untransformation


You were on level 5 of the Dungeon.
You were a hulking beast.
You visited 1 branch of the dungeon, and saw 5 of its levels.

You collected 211 gold pieces.

Inventory:

Hand Weapons
 u - a +4 quarterstaff of chaos
Missiles
 g - 21 stones
 p - 5 boomerangs
Armour
 a - a +0 animal skin (worn)
 t - a +0 cloak
Magical Staves
 m - a staff of alchemy
Jewellery
 s - an amulet of guardian spirit (around neck)
Talismans
 c - a beast talisman
 d - a flux talisman
 f - a maw talisman
Wands
 h - a wand of polymorph (9)
Scrolls
 i - a scroll of immolation {unknown}
 k - 2 scrolls of teleportation
 l - a scroll of noise {unknown}
 n - a scroll of blinking {unknown}
 q - a scroll of poison {unknown}
 r - a scroll of brand weapon {unknown}
Potions
 b - 2 potions of lignification
 j - 4 potions of mutation
 o - a potion of enlightenment


   Skills:
 + Level 1.8 Fighting
 + Level 2.5 Dodging
 + Level 2.4 Stealth
 + Level 4.6 Unarmed Combat
 + Level 0.7 Spellcasting
 + Level 0.6 Air Magic
 + Level 1.0 Alchemy
 * Level 4.3 Shapeshifting


You had 4 spell levels left.
You knew the following spells:

 Your Spells              Type           Power      Damage    Failure   Level
a - Mercury Vapours       Alch/Air       4%         N/A       36%         2

Your spell library contained the following spells:

 Spells                   Type           Power      Damage    Failure   Level
 Sting                    Conj/Alch      4%         1d3       28%         1
 Ensorcelled Hibernation  Hex/Ice        0%         N/A       47%         2
 Swiftness                Air            1%         N/A       63%         3
 Passwall                 Erth           0%         N/A       71%         3
 Olgreb's Toxic Radiance  Alch           2%         N/A       93%         4


Dungeon Overview and Level Annotations

Branches:
Dungeon (5/15)
 Temple: D:4-7

Altars:


Innate Abilities, Weirdness & Mutations

You are a hulking beast.
Your limbs bulge with bestial killing power. (Slay +2)
Your serpentine skin is tough. (AC +2)
You have supernaturally acute eyesight. (SInv)
Armour fits poorly on your strangely shaped body.
Your system is resistant to poisons. (rPois)
You cover ground very slowly.
You can spit poison.
You have a snake-like lower body.
You are partially covered in iridescent scales. (AC +2)


Message History

Aiming: Spit Poison (1% risk of failure)
Press: ? - help, Shift-Dir - straight line, f/p - jelly
Aim: a jelly (moderately wounded, 100% to hit)
The splash of poison hits the jelly.
The jelly is poisoned.
The jelly is moderately wounded.
The jelly barely misses you.
You have got your breath back.
The jelly attacks as it pursues you! The jelly hits you. The acid corrodes you!
You are splashed with acid!
The jelly closely misses you.
Aiming: Spit Poison (1% risk of failure)
Press: ? - help, Shift-Dir - straight line, f/p - jelly
Aim: a jelly (heavily wounded, poisoned, 100% to hit)
The splash of poison hits the jelly.
The jelly is severely wounded.
The jelly looks more healthy.
The jelly hits you. The acid corrodes you!
You are splashed with acid.
* * * LOW HITPOINT WARNING * * *
You feel much better. The jelly hits you.
You are splashed with acid.
The jelly attacks as it pursues you! The jelly hits you.
You are splashed with acid.
The jelly closely misses you. The jelly attacks as it pursues you!
The jelly barely misses you.
You have got your breath back.
The jelly completely misses you.
Aiming: Spit Poison (1% risk of failure)
Press: ? - help, Shift-Dir - straight line, f/p - jelly
Aim: a jelly (heavily wounded, 100% to hit)
The splash of poison hits the jelly.
The jelly is poisoned.
The jelly is severely wounded.
The jelly hits you.
You are splashed with acid!
The jelly jiggles.
The jelly attacks as it pursues you! The jelly hits you.
* * * LOW HITPOINT WARNING * * *
You are splashed with acid!
* * * LOW HITPOINT WARNING * * *
You hit the jelly but do no damage.
Your hands burn!
* * * LOW HITPOINT WARNING * * *
The jelly is almost dead.
You have got your breath back.
The jelly hits you.
You die...

#.# #.. #.# ##..##### #.#
... ...# #.# ##.#
#..###.#####.# ##..#
[#...........[#
####...###.#..<##.#####.#
##..............##.#####.#
................hJ.......#
.........#########.#####.#
#......# #.# #.# #......#
#.# #.# ###..#.# #.# #.#
##....#.# #.# #.#
.........#########.# #.#
###.###.........##.# #.#
#. #..######.##.# #.#


You could see a jelly (poisoned).

Vanquished Creatures
  2 howler monkeys (D:5)
  Crazy Yiuf (D:3)
  Natasha (thrice) (D:2)
  An orc wizard (D:4)
  5 adders
  2 dart slugs (D:2)
  2 ribbon worms (D:2)
  4 orcs
  9 endoplasms
  4 giant cockroaches
  7 goblins
  5 hobgoblins
  3 jackals
  2 quokkas
  7 ball pythons
  5 bats
  2 frilled lizards
  10 kobolds
  5 rats
79 creatures vanquished.

Notes
Turn   | Place    | Note
-------+----------+-------------------------------------------
     0 | D:1      | Rutee the Naga Shapeshifter began the quest for the Orb.
     0 | D:1      | Reached XP level 1. HP: 18/18 MP: 1/1
   229 | D:1      | Reached XP level 2. HP: 25/25 MP: 2/2
   615 | D:1      | Reached XP level 3. HP: 16/31 MP: 3/3
  1252 | D:2      | Reached XP level 4. HP: 19/38 MP: 4/4
  1652 | D:2      | Noticed Natasha
  1664 | D:2      | Gained mutation: You are partially covered in iridescent
                  | scales. (AC +2) [potion of mutation]
  1669 | D:2      | Killed Natasha
  1982 | D:2      | Noticed Natasha
  1990 | D:2      | Killed Natasha
  1991 | D:2      | Reached skill level 1 in Stealth
  1991 | D:2      | Reached XP level 5. HP: 34/44 MP: 5/5
  2001 | D:2      | Noticed Natasha
  2008 | D:2      | Killed Natasha
  2878 | D:3      | Learned a level 2 spell: Mercury Vapours
  2946 | D:3      | Found a runed translucent door.
  2947 | D:3      | Noticed Crazy Yiuf
  2954 | D:3      | Killed Crazy Yiuf
  3286 | D:4      | Reached XP level 6. HP: 42/51 MP: 6/6
  3614 | D:5      | Entered Level 5 of the Dungeon
  3668 | D:5      | Reached skill level 1 in Alchemy
  3740 | D:5      | HP: 2/52 [acid (3)]
  3740 | D:5      | Slain by a jelly

Illustrated notes

Levels and vault maps discovered:
D:1:      dpeg_arrival_refuge, layout_loops_ring
D:2:      layout_loops_corners, minmay_quadrilaterals, uniq_natasha
D:3:      layout_loops_corners, chequers_serial_rivers_small_a,
          minmay_distorted, uniq_crazy_yiuf_cottage
D:4:      minmay_door_path, layout_rooms
D:5:      dreamdust_elfheim, layout_loops_ring, temple_green

Skill      XL: |  1  2  3  4  5  6 |
---------------+-------------------+-----
Dodging        | 2 |  2.5
Unarmed Combat | 4 |  4.6
Stealth        | 1 2 |  2.4
Shapeshifting  | 4 |  4.3
Alchemy        | 1 |  1.0
Fighting       | |  1.8
Spellcasting   | |  0.7
Air Magic      | |  0.6

Action                     |  1- 3 |  4- 6 || total
---------------------------+-------+-------++-------
  Melee: Unarmed           |    63 |    78 ||   141
         Punch             |     2 |       ||     2
Ability: Spit Poison       |    30 |    52 ||    82
    Use: Potion            |       |     5 ||     5
         Scroll            |       |     3 ||     3
   Stab: Sleeping          |       |     1 ||     1
 Armour: Animal skin       |    33 |    61 ||    94
         Skin              |       |    10 ||    10
  Dodge: Dodged            |    37 |    43 ||    80
